 Dungeon Crawl Stone Soup version 0.26.0-16-gc1dbca0489 (webtiles) character file.

Game seed: 1168399788923122466

30 112233 the Stinger (level 3, -1/21 HPs)
             Began as an Octopode Venom Mage on Jan 20, 2021.
             Slain by a worm (12 damage)
             ... on level 2 of the Dungeon.
             The game lasted 00:01:26 (1718 turns).

112233 the Stinger (Octopode Venom Mage)            Turns: 1718, Time: 00:01:27

Health: -1/21      AC:  1    Str:  7    XL:     3   Next: 20%
Magic:  6/7        EV: 13    Int: 18    God:
Gold:   30         SH:  0    Dex: 12    Spells: 4/7 levels left

rFire    . . .     SeeInvis .   a - +0 club
rCold    . . .     Faith    .   (no shield)
rNeg     . . .     Spirit   .   (helmet restricted)
rPois    .         Reflect  .   (no amulet)
rElec    .         Harm     .   (no ring)
rCorr    .         Rampage  .   (no ring)
Will     .....                  (no ring)
Stlth    +++.......             (no ring)
HPRegen  0.07/turn              (no ring)
MPRegen  0.10/turn              (no ring)
                                (no ring)
                                (no ring)

@: no status effects
A: almost no armour, stealthy swim, amphibious, 8 rings, constrict 8, camouflage
1, gelatinous body 1
a: no special abilities


You were on level 2 of the Dungeon.
You visited 1 branch of the dungeon, and saw 2 of its levels.

You collected 30 gold pieces.

Inventory:

Hand Weapons
 a - a +0 club (weapon)
Scrolls
 b - a scroll of identify {unknown}
 c - a scroll of magic mapping {unknown}
 d - a scroll of amnesia {unknown}
 e - a scroll of blinking {unknown}


   Skills:
 + Level 2.4 Dodging
 - Level 2.6 Stealth
 * Level 2.8 Spellcasting
 - Level 1.0 Transmutations
 + Level 4.0 Poison Magic


You had 4 spell levels left.
You knew the following spells:

 Your Spells              Type           Power        Failure   Level
a - Sting                 Tmut/Pois      44%          6%          1
b - Poisonous Vapours     Pois/Air       18%          11%         2

Your spell library contained the following spells:

 Spells                   Type           Power        Failure   Level
 Ignite Poison            Fire/Tmut/Pois 8%           26%         3
 Mephitic Cloud           Conj/Pois/Air  7%           28%         3
 Olgreb's Toxic Radiance  Pois           17%          30%         4


Dungeon Overview and Level Annotations

Branches:
Dungeon (2/15)

Altars:
Trog


Innate Abilities, Weirdness & Mutations

You cannot wear most types of armour.
You are very stealthy in the water. (Stealth+)
You are amphibious.
You can wear up to eight rings at the same time.
You can use your tentacles to constrict eight enemies at once.
Your skin changes colour to match your surroundings (Stealth+).
Your rubbery body absorbs attacks. (AC +1, EV +1)


Message History

Casting: Poisonous Vapours (safe; 11% risk of failure)
You start resting.
Magic restored.
There is a stone staircase leading down here.
You climb downwards.
A worm comes into view.
Found 23 sling bullets and 14 gold pieces.
There is a stone staircase leading up here.
Unknown command.
The helpless worm fails to defend itself.
You hit the worm. You grab the worm. You squeeze the worm, but do no damage.
You constrict the worm. The worm bites you!
Ouch! That really hurt!
Casting: Poisonous Vapours (safe; 11% risk of failure)
Aiming: Sting (safe; 6% risk of failure)
Aim: a worm (lightly wounded, constricted by you, 0% to evade)
The sting hits the worm.
The worm is poisoned.
You constrict the worm. The worm bites you!
Ouch! That really hurt!
You die...

###########
#.........#
#........(#
#..w@.....#
#..........#
#............#
#.#####.######
. #.# #$# #.#
#.#


You could see a worm (poisoned).

Vanquished Creatures
  2 leopard geckos (D:1)
  A giant cockroach (D:1)
  6 hobgoblins
  4 kobolds (D:1)
  3 bats (D:1)
  9 frilled lizards (D:1)
  A goblin (D:1)
  4 rats (D:1)
30 creatures vanquished.

Vanquished Creatures (others)
  3 fungi (D:1)
3 creatures vanquished.

Grand Total: 33 creatures vanquished

Notes
Turn   | Place    | Note
-------+----------+-------------------------------------------
     0 | D:1      | 112233 the Octopode Venom Mage began the quest for the Orb.
     0 | D:1      | Reached XP level 1. HP: 11/11 MP: 3/3
   438 | D:1      | Reached XP level 2. HP: 17/17 MP: 1/5
   441 | D:1      | Learned a level 2 spell: Poisonous Vapours
  1307 | D:1      | Reached skill level 4 in Poison Magic
  1310 | D:1      | Reached XP level 3. HP: 21/21 MP: 1/7
  1676 | D:2      | Found a bloodstained altar of Trog.
  1718 | D:2      | Slain by a worm

Illustrated notes

Levels and vault maps discovered:
D:1:      scummos_arrival_checkerplants, layout_loops_ring, nrook_mini_vaults,
          minmay_tromino_i4
D:2:      layout_rooms, bloody_trog

Skill      XL: |  1  2 |
---------------+-------+-----
Poison Magic   | 4 |  4.0
Dodging        | |  2.4
Stealth        | |  2.6
Spellcasting   | |  2.8
Transmutations | |  1.0

Action                   || total
-------------------------++-------
Melee: Unarmed           ||     1
       Club              ||    13
       Constrict         ||     5
       Tentacles         ||     2
 Cast: Sting             ||    18
       Poisonous Vapours ||    25
 Stab: Sleeping          ||     1
Armor: Skin              ||     4
Dodge: Dodged            ||     9
